AoeStats
← Stuffy

Arena

507569045Analyzed
1v1 RM · 13d ago on Sep 18, 2026· 41m 41s· 2 players
Game mode
Random Map
Map size
Tiny (2 player)
Population
200
Speed
Normal
Resources
Standard
Victory
Conquest
Starting age
Dark Age
Ending age
Imperial Age
RankedLock teamsTeams togetherTeam positionsShared explorationLock speedFull tech treeHidden civsTurbo modeCheats
Victory
Defeat
🇪🇸 Hindustanis · Spain
797
+16
🇺🇸 Spanish · United States
791
-37
Stuffy
4:15 Loom
11:20 Feudal Age
11:50 Horse Collar
11:58 Double-Bit Axe
16:48 Town Watch
17:41 Wheelbarrow
18:22 Man-at-Arms
19:47 Bloodlines
19:48 Scale Barding Armor
19:54 Forging
25:33 Castle Age
25:53 Long Swordsman
26:40 Husbandry
27:05 Chain Barding Armor
28:21 Fervor
31:05 Squires
33:31 Hand Cart
37:56 Gold Mining
37:57 Stone Mining
41:45 Imperial Age
Juan
12:15 Feudal Age
12:40 Double-Bit Axe
12:46 Gold Mining
14:48 Horse Collar
19:57 Castle Age
20:27 Wheelbarrow
21:11 Bow Saw
23:49 Wheelbarrow
24:39 Elite Skirmisher
27:21 Scale Mail Armor
26:47 Pikeman
27:57 Heavy Plow
29:08 Ballistics
29:30 Thumb Ring
35:43 Imperial Age
33:33 Hand Cart
33:03 Town Watch
34:02 Forging
34:34 Chain Mail Armor
34:55 Grand Trunk Road
40:32 Conscription
Connection lost

Rejoining the realm…

Still unreachable

The connection could not be restored.

Session expired

The server has moved on; the page needs a fresh start.